 Dungeon Crawl Stone Soup version 0.28-a0-616-gdeb3d7f7b4 (webtiles) character file.

Game seed: 15062300292594727606

1330 KristoblXynda the Slasher (level 8, -2/99 (105) HPs)
             Began as a Red Draconian Gladiator on Oct 6, 2021.
             Slain by a wight (4 damage)
             ... on level 5 of the Dungeon.
             The game lasted 00:04:43 (6286 turns).

KristoblXynda the Slasher (Red Draconian Gladiator) Turns: 6286, Time: 00:04:44

HP:   -2/99 (105)   AC: 24    Str: 17    XL:     8   Next: 34%
MP:   8/8           EV:  2    Int: 10    God:
Gold: 365           SH:  0    Dex: 19    Spells: 7/7 levels left

rFire   . . .      SeeInvis .   a - +0 long sword
rCold   . . .      Faith    .   (no shield)
rNeg    . . .      Spirit   .   (armour unavailable)
rPois   +          Reflect  .   (helmet currently unavailable)
rElec   .          Harm     .   (cloak currently unavailable)
rCorr   .          Rampage  .   (gloves currently unavailable)
Will    .....      NoTele   +   (boots currently unavailable)
Stlth   ++........              (no amulet)
HPRegen 0.26/turn               i - ring of poison resistance
MPRegen 0.11/turn               m - +6 ring of dexterity

@: short of breath, tree-form, slowed, drained, very slow
A: stationary, stasis, torment immunity, boosted hp, (breathe fire), AC +6,
unfitting armour, (fire resistance 1), (cold-blooded)
a: no special abilities


You were on level 5 of the Dungeon.
You were a tree.
You visited 1 branch of the dungeon, and saw 5 of its levels.

You collected 365 gold pieces.

Inventory:

Hand Weapons
 a - a +0 long sword (weapon)
Missiles
 c - 3 throwing nets (quivered)
Armour
 b - a +0 hat (melded)
 e - a +0 pair of boots (melded)
 j - a +2 cloak (melded)
Jewellery
 i - a ring of poison resistance (left branch)
 m - a +6 ring of dexterity (right branch)
 o - a ring of resist corrosion
Scrolls
 d - 2 scrolls of immolation
 f - 2 scrolls of enchant armour {unknown}
 h - a scroll of acquirement {unknown}
 l - 2 scrolls of teleportation {unknown}
 n - 2 scrolls of fear {unknown}
 t - a scroll of magic mapping {unknown}
 u - a scroll of vulnerability {unknown}
Potions
 g - a potion of resistance
 k - a potion of haste
 p - a potion of flight {unknown}
 q - a potion of heal wounds {unknown}
 s - a potion of degeneration {unknown}


   Skills:
 + Level 5.9 Fighting
 * Level 7.8 Long Blades
 - Level 2.0 Throwing
 + Level 5.3 Dodging


You had 7 spell levels left.
You didn't know any spells.
Your spell library contained the following spells:

 Spells                   Type           Power      Damage    Failure   Level
 Shock                    Conj/Air       0%         1d3       36%         1
 Sting                    Tmut/Pois      0%         1d3       36%         1
 Poisonous Vapours        Pois/Air       0%         N/A       50%         2
 Swiftness                Air            0%         N/A       75%         3
 Airstrike                Air            0%         N/A       98%         4
 Olgreb's Toxic Radiance  Pois           0%         N/A       98%         4


Dungeon Overview and Level Annotations

Branches:
Dungeon (5/15)
 Temple: D:4-7

Altars:
Dithmenos
Fedhas
Kikubaaqudgha
Nemelex Xobeh
Ru
Sif Muna
Yredelemnul


Innate Abilities, Weirdness & Mutations

You are a tree.
Your roots penetrate the ground, keeping you stationary.
You cannot be teleported.
You are immune to unholy pain and torment.
Your maximum health is greatly increased.
Your equipment is partially melded.
((You can breathe blasts of fire.))
((Your fiery red scales are hard. (AC +6)))
You cannot fit into any form of body armour.
((Your flesh is heat resistant. (rF+)))
((You are cold-blooded and may be slowed by cold attacks.))


Message History

The wight is engulfed in blazing flames.
You destroy the wight!
Your life force feels restored.
The wight hits you with a +2 spear of freezing.
You feel drained.
You feel yourself slow down. The wight freezes you.
Things that are here:
a +0 flail; a +0 robe You barely miss the wight.
The wight is heavily damaged.
The wight hits you with a +2 spear of freezing.
You feel as though you will be slow longer.
The wight freezes you. The wight completely misses you.
You barely miss the wight.
Your tail-slap misses the wight.
The wight is heavily damaged.
The wight closely misses you.
You hit the wight but do no damage.
You tail-slap the wight, but do no damage.
The wight is heavily damaged.
The wight hits you but does no damage.
The wight hits you with a +2 spear of freezing.
* * * LOW HITPOINT WARNING * * *
You feel as though you will be slow longer.
The wight freezes you.
* * * LOW HITPOINT WARNING * * *
The wight closely misses you.
The wight hits you from afar with a +2 spear of freezing!
* * * LOW HITPOINT WARNING * * *
You feel drained.
* * * LOW HITPOINT WARNING * * *
You feel as though you will be slow longer.
The wight freezes you.
* * * LOW HITPOINT WARNING * * *
Okay, then.
Okay, then.
It was a potion of lignification.
You turn into a tree.
Your +2 cloak melds into your body.
Your +0 hat melds into your body.
Your +0 pair of boots melds into your body.
Your roots penetrate the ground.
The wight hits you from afar with a +2 spear of freezing.
You die... .zz

#.# ##### #.#
#.######## #.#
#.........
#####.#
##########
#....z##
#.###..#
###'z#########
#....z.#zzz..#
#...)..#)###♣#
#######
+......'.# #.#
#......
+...)..'.# #.#
#.#####
#......### #.#
#.# #......#
#>##########.#
###++###
#............#
##############


You could see 3 wights.

Vanquished Creatures
  A wyvern (D:5)
  2 necrophages (D:5)
  3 ogres (D:5)
  2 centaurs (D:5)
  A scorpion (D:3)
  A water moccasin skeleton (D:5)
  2 wights (D:5)
  A bullfrog zombie (D:5)
  A centaur zombie (D:5)
  A jelly (D:4)
  Crazy Yiuf (D:2)
  A centaur skeleton (D:5)
  A hound (D:5)
  An iguana (D:5)
  2 orc wizards
  A hound zombie (D:5)
  A howler monkey skeleton (D:5)
  3 adders
  3 worms
  A dart slug (D:1)
  16 orcs
  3 endoplasms
  4 giant cockroaches
  13 hobgoblins
  5 kobolds
  2 quokkas
  6 ball pythons
  4 bats
  3 frilled lizards
  7 goblins
  3 rats
96 creatures vanquished.

Vanquished Creatures (others)
  A withered plant (D:3)
1 creature vanquished.

Grand Total: 97 creatures vanquished

Notes
Turn   | Place    | Note
-------+----------+-------------------------------------------
     0 | D:1      | KristoblXynda the Draconian Gladiator began the quest for
                  | the Orb.
     0 | D:1      | Reached XP level 1. HP: 17/17 MP: 1/1
   449 | D:1      | Reached XP level 2. HP: 21/25 MP: 2/2
  1348 | D:2      | Reached XP level 3. HP: 25/30 MP: 3/3
  2051 | D:2      | Found a faded altar of an unknown god.
  2153 | D:2      | Found a runed translucent door.
  2154 | D:2      | Noticed Crazy Yiuf
  2174 | D:2      | HP: 1/30 [Crazy Yiuf (9)]
  2178 | D:2      | Killed Crazy Yiuf
  2179 | D:2      | Reached skill level 4 in Long Blades
  2179 | D:2      | Reached XP level 4. HP: 1/38 MP: 4/4
  2701 | D:3      | Found an ancient bone altar of Kikubaaqudgha.
  2823 | D:3      | Noticed a scorpion
  2830 | D:3      | Killed a scorpion
  2831 | D:3      | Reached XP level 5. HP: 45/45 MP: 5/5
  3889 | D:4      | Found a shadowy altar of Dithmenos.
  4221 | D:4      | Found a blossoming altar of Fedhas.
  4274 | D:4      | Reached skill level 5 in Long Blades
  4465 | D:5      | Entered Level 5 of the Dungeon
  4573 | D:5      | Found a sacrificial altar of Ru.
  4573 | D:5      | Found a basalt altar of Yredelemnul.
  4649 | D:5      | Reached XP level 6. HP: 50/52 MP: 6/6
  4773 | D:5      | Reached skill level 6 in Long Blades
  4773 | D:5      | Your scales start taking on a fiery red colour.
  4773 | D:5      | Reached XP level 7. HP: 34/60 MP: 7/7
  4773 | D:5      | Gained mutation: Your flesh is heat resistant. (rF+) [Red
                  | Draconian growth]
  5321 | D:5      | Reached skill level 5 in Fighting
  5616 | D:5      | Found a sparkling altar of Nemelex Xobeh.
  5647 | D:5      | Found a shimmering blue altar of Sif Muna.
  5771 | D:5      | Reached skill level 7 in Long Blades
  5819 | D:5      | Noticed a wyvern
  5823 | D:5      | Killed a wyvern
  5824 | D:5      | Reached skill level 5 in Dodging
  5824 | D:5      | Reached XP level 8. HP: 60/69 MP: 8/8
  6285 | D:5      | HP: 1/66 [wight (4)]
  6286 | D:5      | Slain by a wight

Illustrated notes

Levels and vault maps discovered:
D:1:      dpeg_arrival_radiant, layout_loops_corners, glass_columns_a,
          minmay_misc_feat_ornament
D:2:      layout_loops_ring, hellmonk_ecumenical_altar_blasted,
          hangedman_decor_riveting, grunt_ministairs_13, uniq_crazy_yiuf_cottage
D:3:      layout_loops_corners, kiku_gazebo_garden_becter, saegor_snake_ambush
D:4:      layout_cave_pools, nicolae_dithmenos_shadow_blocks,
          mainiacjoe_overflow_alcove_1, serial_park_tiny_1
D:5:      kennysheep_six_static_rooms, layout_loops_ring,
          nemelex_diamond_rough_becter, gammafunk_temple_overflow_statue,
          mainiacjoe_overflow_alcove_4, lemuel_temple_firewalk_b,
          kennysheep_generic_room_15

Skill      XL: |  1  2  3  4  5  6  7 |
---------------+----------------------+-----
Throwing       | 2 |  2.0
Dodging        | 3 4 5 |  5.3
Fighting       | 3 4 5 |  5.9
Long Blades    | 4 5 6 7 |  7.8

Action                   |  1- 3 |  4- 6 |  7- 9 || total
-------------------------+-------+-------+-------++-------
Melee: Long sword        |   119 |   153 |   105 ||   377
       Tailslap          |    11 |    26 |    25 ||    62
Throw: Throwing net      |     2 |       |       ||     2
 Abil: Breathe Fire      |       |       |     5 ||     5
  Use: Scroll            |     1 |     1 |       ||     2
       Potion            |       |       |     1 ||     1
 Stab: Invisible         |     1 |       |       ||     1
       Sleeping          |       |     3 |       ||     3
Armor: Skin              |    46 |    62 |    53 ||   161
Dodge: Dodged            |    76 |   106 |   138 ||   320

Table legend: (Time is in decaauts)
 A = Elapsed time spent in this place.
 B = Non-inter-level travel time spent in this place.
 C = Inter-level travel time spent in this place.
 D = Time resting spent in this place.
 E = Time spent auto-exploring this place.
 F = Levels seen in this place.
 G = Mean time per level.
                   A        B        C        D        E       F      G
               +--------+--------+--------+--------+--------+-----+--------+
         Total |   6369 |   6242 |    127 |   1197 |   4191 |   5 | 1273.8 |
       Dungeon |   6369 |   6242 |    127 |   1197 |   4191 |   5 | 1273.8 |
               +--------+--------+--------+--------+--------+-----+--------+

Top non-repeatable levels by time:
     D:5: 1834 daAuts
     D:2: 1514 daAuts
     D:3: 1280 daAuts
     D:1: 1071 daAuts
     D:4: 668 daAuts
